 Dungeon Crawl Stone Soup version 0.28-a0-1130-gc51a68064b (webtiles) character file.

Game seed: 16847455544326560737

53 ytrimaz the Insei (level 3, 3/23 HPs)
             Began as an Octopode Transmuter on Dec 12, 2021.
             Quit the game on level 2 of the Dungeon.
             The game lasted 00:03:16 (1328 turns).

ytrimaz the Insei (Octopode Transmuter)             Turns: 1328, Time: 00:03:16

Health: 3/23       AC:  1    Str:  9    XL:     3   Next: 89%
Magic:  5/6        EV: 13    Int: 17    God:
Gold:   114        SH:  0    Dex: 12    Spells: 0/6 levels left

rFire   . . .      SeeInvis .     - Unarmed
rCold   . . .      Faith    .   (no shield)
rNeg    . . .      Spirit   .   (helmet currently unavailable)
rPois   .          Reflect  .   (no amulet)
rElec   .          Harm     .   (no ring)
rCorr   .          Rampage  .   (no ring)
Will    .....                   (no ring)
Stlth   ++........              (no ring)
HPRegen 0.07/turn               (no ring)
MPRegen 0.10/turn               (no ring)
                                (no ring)
                                (no ring)

@: lethally poisoned (3 -> -5), appendages
A: tentacle spike 3, almost no armour, amphibious, 8 rings, camouflage 1,
gelatinous body 1, (nimble swimmer 1), tentacles
a: End Transformation


You were on level 2 of the Dungeon.
One of your tentacles had grown a beastly spike.
You visited 1 branch of the dungeon, and saw 2 of its levels.

You collected 114 gold pieces.

Inventory:

Scrolls
 b - a scroll of enchant weapon


   Skills:
 * Level 1.5 Fighting
 * Level 2.4 Dodging
 + Level 3.5 Unarmed Combat
 * Level 2.4 Spellcasting
 * Level 2.4 Transmutations


You couldn't memorise any spells.
You knew the following spells:

 Your Spells              Type           Power      Damage    Failure   Level
a - Beastly Appendage     Tmut           20%        N/A       7%          1
b - Wereblood             Tmut           10%        N/A       10%         2
c - Spider Form           Tmut/Pois      6%         N/A       32%         3

Your spell library contained the following spells:

 Spells                   Type           Power      Damage    Failure   Level
 Ice Form                 Ice/Tmut       6%         N/A       73%         4
 Alistair's Intoxication  Tmut/Pois      4%         N/A       97%         5
 Borgnjor's Vile Clutch   Necr/Erth      1%         N/A       99%         5
 Fireball                 Conj/Fire      1%         3d3       99%         5
 Eringya's Noxious Bog    Tmut/Pois      3%         N/A       100%        6
 Starburst                Conj/Fire      1%         6d3       100%        6
 Ignition                 Fire           1%         3d3       100%        8


Dungeon Overview and Level Annotations

Branches:
Dungeon (2/15)

Altars:


Innate Abilities, Weirdness & Mutations

One of your tentacles has grown a beastly spike.
You cannot wear most types of armour.
You are amphibious.
You can wear up to eight rings at the same time.
Your skin changes colour to match your surroundings (Stealth+).
Your rubbery body absorbs attacks. (AC +1, EV +1)
((You are camouflaged near water. (Stealth+)))
You have tentacles for arms and can constrict up to eight enemies at once.


Message History

Found a spear.
You now have 114 gold pieces (gained 10).
Found a stone staircase leading down.
Found a dagger.
An adder comes into view.
An adder is nearby!
An adder is nearby!
One of your tentacles grows a vicious spike.
The helpless adder fails to defend itself.
You tentacle-slap the adder. Your grab misses the adder.
The adder is moderately wounded.
The adder bites you.
You are poisoned.
The adder poisons you!
You barely miss the adder. You grab the adder.
The adder is moderately wounded.
You constrict the adder.
You feel sick. The adder bites you.
You tentacle-slap the adder.
The adder is heavily wounded.
You constrict the adder.
You feel sick. The adder bites you.
You are more poisoned.
The adder poisons you! The adder closely misses you.
You tentacle-slap the adder but do no damage.
You pierce the adder.
The adder is severely wounded.
You constrict the adder.
You feel sick. The adder bites you.
* * * LOW HITPOINT WARNING * * *
You are more poisoned.
The adder poisons you!
You tentacle-slap the adder.
You kill the adder!
* * * LOW HITPOINT WARNING * * *
You feel sick.
You aren't carrying any potions.
Unknown command.
You aren't carrying any potions.
You aren't carrying any potions.
You aren't carrying any potions.
Okay, then.
Are you sure you want to abandon this character and quit the game? (Confirm with "yes".)

#.............
##........#.#.##......#.
............# #.........
..###.......#...........
..######....#.#......#..
......<#....#.#.........
..######...>#.#......#..
..# #....#.##†.......
### #....#.##@###.##.
#....#.##........
#>...............
≈≈≈........)........
≈≈≈≈≈...............
≈≈≈≈≈≈≈≈.#.........≈≈
#≈≈≈≈≈≈≈≈≈≈####≈≈≈≈≈≈
##≈≈≈≈≈≈≈≈≈≈ ≈≈≈≈≈≈
###≈≈≈≈≈≈≈≈≈ ≈≈≈≈≈≈


There were no monsters in sight!

Vanquished Creatures
  2 adders (D:2)
  6 bats (D:1)
  An endoplasm (D:1)
  2 giant cockroaches (D:1)
  4 goblins (D:1)
  6 hobgoblins (D:1)
  4 jackals (D:1)
  A quokka (D:1)
  A ball python (D:1)
  A frilled lizard (D:1)
  3 rats (D:1)
31 creatures vanquished.

Vanquished Creatures (others)
  2 plants (D:1)
2 creatures vanquished.

Grand Total: 33 creatures vanquished

Notes
Turn   | Place    | Note
-------+----------+-------------------------------------------
     0 | D:1      | ytrimaz the Octopode Transmuter began the quest for the
                  | Orb.
     0 | D:1      | Reached XP level 1. HP: 13/13 MP: 3/3
   356 | D:1      | Reached XP level 2. HP: 14/18 MP: 5/5
   659 | D:1      | Learned a level 2 spell: Wereblood
   762 | D:1      | Reached XP level 3. HP: 23/23 MP: 3/6
   873 | D:1      | Found a faded altar of an unknown god.
   925 | D:1      | Learned a level 3 spell: Spider Form
  1328 | D:2      | Quit the game

Illustrated notes

Levels and vault maps discovered:
D:1:      roderic_crop_circles_arrival_small, layout_rooms,
          hellmonk_ecumenical_altar_zigzags, serial_rivers,
          chequers_serial_rivers_small_3, chequers_serial_rivers_small_3,
          chequers_serial_rivers_room_a, chequers_serial_rivers_small_b,
          minmay_nonomino_d4
D:2:      wander_river, layout_basic, uniq_natasha

Action                   || total
-------------------------++-------
Melee: Unarmed           ||    74
       Constrict         ||    26
       Kick              ||     9
       Tentacles         ||    12
       Punch             ||     3
 Cast: Beastly Appendage ||     9
       Wereblood         ||     1
  Use: Scroll            ||     2
       Potion            ||     1
 Stab: Sleeping          ||     4
Armor: Skin              ||    13
Dodge: Dodged            ||    54

Table legend: (Time is in decaauts)
 A = Elapsed time spent in this place.
 B = Non-inter-level travel time spent in this place.
 C = Inter-level travel time spent in this place.
 D = Time resting spent in this place.
 E = Time spent auto-exploring this place.
 F = Levels seen in this place.
 G = Mean time per level.
                   A        B        C        D        E       F      G
               +--------+--------+--------+--------+--------+-----+--------+
         Total |   1323 |   1302 |     21 |    199 |    878 |   2 |  661.5 |
       Dungeon |   1323 |   1302 |     21 |    199 |    878 |   2 |  661.5 |
               +--------+--------+--------+--------+--------+-----+--------+

Top non-repeatable levels by time:
     D:1: 1119 daAuts
     D:2: 204 daAuts
